AoeStats
← Seaside Jack

Arabia

510159579Analyzed
1v1 RM · 2d ago on Sep 29, 2026· 18m 41s· 2 players
Game mode
Random Map
Map size
Tiny (2 player)
Population
200
Speed
Normal
Resources
Standard
Victory
Conquest
Starting age
Dark Age
Ending age
Imperial Age
RankedLock teamsTeams togetherTeam positionsShared explorationLock speedFull tech treeHidden civsTurbo modeCheats
Victory
Defeat
🇭🇰 Teutons · Hong Kong SAR China
929
+17
🇦🇷 Varangians · Argentina
961
-17
Seaside Jack
5:20 Loom
11:03 Feudal Age
12:30 Man-at-Arms
16:37 Forging
18:17 Arson
19:02 Scale Mail Armor
Cobicho2109
7:53 Loom
10:45 Feudal Age
15:33 Bloodlines
18:01 Double-Bit Axe
Connection lost

Rejoining the realm…

Still unreachable

The connection could not be restored.

Session expired

The server has moved on; the page needs a fresh start.